 Dungeon Crawl Stone Soup version 0.20.0-8-g6b59dc7 (console) character file.

87 Cab the Grave Robber (level 4, -5/30 HPs)
             Began as a Demonspawn Necromancer on June 1, 2017.
             Was an Initiate of Vehumet.
             Killed by divine providence
             ... invoked by an orc priest
              (11 damage)
             ... on level 3 of the Dungeon.
             The game lasted 00:07:05 (2224 turns).

Cab the Grave Robber (Demonspawn Necromancer)       Turns: 2224, Time: 00:07:06

Health: -5/30      AC:  2    Str:  8    XL:     4   Next: 28%
Magic:  2/7        EV: 12    Int: 18    God:    Vehumet [......]
Gold:   69         SH:  0    Dex: 13    Spells: 3/7 levels left

rFire    . . .     SeeInvis .   e - +1 dagger
rCold    . . .     Gourm    .   (no shield)
rNeg     . . .     Faith    .   a - +0 robe
rPois    .         Spirit   .   (no helmet)
rElec    .         Reflect  .   (no cloak)
rCorr    .         Harm     .   (no gloves)
MR       .....                  (no boots)
Stlth    ++........             (no amulet)
Regen    0.1/turn               (no ring)
MPRegen  0.1/turn               (no ring)

@: no status effects
A: spiny 2
a: Renounce Religion


You were on level 3 of the Dungeon.
You worshipped Vehumet.
Vehumet was noncommittal.
You were not hungry.

You visited 1 branch of the dungeon, and saw 3 of its levels.

You collected 69 gold pieces.

Inventory:

Hand Weapons
 e - a +1 dagger (weapon)
Armour
 a - a +0 robe (worn)
Jewellery
 d - an uncursed ring of fire {unknown}
Scrolls
 i - 2 scrolls of immolation {unknown}
 j - 3 scrolls of amnesia {unknown}
 l - a scroll of magic mapping {unknown}
 q - 3 scrolls of teleportation {unknown}
Potions
 f - a potion of might {unknown}
 g - a potion of cancellation {unknown}
 h - 2 potions of curing {unknown}
 k - 3 potions of heal wounds
 n - a potion of haste {unknown}
Books
 b - a book of Necromancy

   Spells                             Type                      Level
   a - Pain                           Necromancy                   1
   b - Animate Skeleton               Necromancy                   1
   c - Vampiric Draining              Necromancy                   3
   d - Regeneration                   Charms/Necromancy            3
   e - Animate Dead                   Necromancy                   4
   f - Control Undead                 Necromancy                   4
 o - Vehumet's Collected Works on Attacks
   (You found it on level 2 of the Dungeon)

   Spells                             Type                      Level
   a - Magic Dart                     Conjuration                  1
Comestibles
 c - 2 bread rations
 m - a meat ration
 p - 6 chunks of flesh


   Skills:
 + Level 0.3 Short Blades
 - Level 1.7 Dodging
 - Level 1.7 Stealth
 - Level 2.0 Spellcasting
 + Level 6.3 Necromancy


You had 3 spell levels left.
You knew the following spells:

 Your Spells              Type           Power        Failure   Level  Hunger
a - Pain                  Necr           ###.         1%          1    #......
b - Vampiric Draining     Necr           ###.......   4%          3    ###....


Dungeon Overview and Level Annotations

Branches:
Dungeon (3/15)

Altars:
Dithmenos
Kikubaaqudgha
Sif Muna
Vehumet


Innate Abilities, Weirdness & Mutations

You are mostly covered in sharp spines.


Message History

The orc barely misses you.
Casting: Pain
Confirm with . or Enter, or press ? or * to list all spells.
Aiming: Pain
Press: ? - help, Shift-Dir - straight line, f/p - orc
Aim: an orc, wielding a short sword (almost dead, chance to defeat MR: 93%)
The orc writhes in agony!
You kill the orc!
Vehumet accepts your kill.
An orc priest comes into view. It is wielding a whip.
The orc priest shouts!
The orc priest calls down the wrath of Beogh upon you.
Beogh smites you!
* * * LOW HITPOINT WARNING * * *
Press: ? - help, v - describe, . - travel
Here: an orc, wielding a mace The floor.
The orc priest mumbles some strange prayers to Beogh against you.
Beogh smites you!
You die...

▒ ▒
∙∙∙∙▒∙∙∙▒▒▒▒▒▒▒▒ ▒∙
▒▒∙ ▒▒▒▒▒∙∙∙▒ ∙∙
▒▒∙▒▒▒▒▒▒▒∙∙∙▒
▒∙▒∙∙∙∙∙∙∙∙∙∙∙∙▒
▒∙∙∙∙∙∙∙∙∙∙∙∙∙▒
▒▒▒∙▒▒▒▒▒▒▒▒▒∙▒
∙∙∙▒ ▒▒∙▒▒ ▒∙▒
∙∙▒▒▒▒∙∙∙▒▒▒▒▒▒▒▒<▒
o∙▒▒∙∙∙o∙∙∙∙∙o@∙∙∙▒
▒o▒▒∙▒∙∙∙▒▒▒▒▒▒▒▒▒▒
▒∙▒▒∙▒▒∙▒▒
∙▒▒o▒▒∙▒▒∙▒
∙∙∙∙∙∙∙▒▒)▒
▒∙∙∙K%∙)▒ ▒▒▒▒▒▒▒▒▒


You could see an orc priest and an orc.

Vanquished Creatures
  3 adders
  An ooze (D:2)
  2 dart slugs
  A leopard gecko (D:2)
  2 orcs (D:3)
  7 bats
  2 giant cockroaches (D:1)
  8 hobgoblins
  7 jackals (D:1)
  5 kobolds
  A ball python (D:2)
  A frilled lizard (D:3)
  5 rats
45 creatures vanquished.

Notes
Turn   | Place    | Note
-------+----------+-------------------------------------------
     0 | D:1      | Cab the Demonspawn Necromancer began the quest for the Orb.
     0 | D:1      | Reached XP level 1. HP: 13/13 MP: 3/3
   525 | D:1      | Gained mutation: You are partially covered in sharp spines. [demonic ancestry]
   525 | D:1      | Reached XP level 2. HP: 14/19 MP: 5/5
   622 | D:1      | Reached skill level 5 in Necromancy
  1280 | D:1      | Reached XP level 3. HP: 16/24 MP: 3/6
  1310 | D:1      | Learned a level 3 spell: Vampiric Draining
  1604 | D:2      | Found an ancient bone altar of Kikubaaqudgha.
  1612 | D:2      | Found a radiant altar of Vehumet.
  1619 | D:2      | Identified Vehumet's Collected Works on Attacks
  1622 | D:2      | Became a worshipper of Vehumet
  1626 | D:2      | Found a deep blue altar of Sif Muna.
  1926 | D:2      | Found a shadowy altar of Dithmenos.
  2096 | D:3      | Reached skill level 6 in Necromancy
  2102 | D:3      | Gained mutation: You are mostly covered in sharp spines. [demonic ancestry]
  2102 | D:3      | Reached XP level 4. HP: 25/30 MP: 1/7
  2224 | D:3      | Killed from afar by an orc priest

Skill      XL: |  1  2  3 |
---------------+----------+-----
Necromancy     | 5 6 |  6.3
Short Blades   | |  0.3
Dodging        | |  1.7
Stealth        | |  1.7
Spellcasting   | |  2.0

Action                   |  1- 3 |  4- 6 || total
-------------------------+-------+-------++-------
Melee: Dagger            |    48 |     7 ||    55
 Cast: Pain              |    57 |     8 ||    65
  Use: Scroll            |     3 |       ||     3
  Eat: Chunk             |     4 |     1 ||     5
Armor: Robe              |    17 |     1 ||    18
Dodge: Dodged            |    55 |     4 ||    59
